 Dungeon Crawl Stone Soup version 0.24-a0-441-g27f0392e16 (webtiles) character file.

Game seed: 11755706590945561058

1450 galech the Chopper (level 8, -3/61 HPs)
             Began as a Demonspawn Fighter on June 19, 2019.
             Was a Follower of Okawaru.
             Slain by Duvessa
             ... wielding a +0 rapier
              (8 damage)
             ... on level 7 of the Dungeon.
             The game lasted 00:06:24 (5830 turns).

galech the Chopper (Demonspawn Fighter)             Turns: 5830, Time: 00:06:25

Health: -3/61      AC:  9    Str: 16    XL:     8   Next: 47%
Magic:  0/8        EV:  9    Int: 10    God:    Okawaru [*.....]
Gold:   299        SH:  9    Dex: 15    Spells: 7/7 levels left

rFire    . . .     SeeInvis .   a - +0 war axe
rCold    + . .     Gourm    .   c - +0 shield
rNeg     . . .     Faith    .   b - +0 scale mail
rPois    +         Spirit   +   o - +0 helmet
rElec    .         Reflect  .   (no cloak)
rCorr    .         Harm     .   C - +0 pair of gloves
MR       .....                  (boots unavailable)
Stlth    +.........             h - amulet of guardian spirit
HPRegen  0.20/turn              z - ring of poison resistance (curse)
MPRegen  0.11/turn              D - ring of protection from cold

@: no status effects
A: talons 3, sturdy frame 1
a: Heroism, Renounce Religion


You were on level 7 of the Dungeon.
You worshipped Okawaru.
Okawaru was aware of your devotion.
You were very hungry.

You visited 2 branches of the dungeon, and saw 8 of its levels.

You collected 299 gold pieces.

Inventory:

Hand Weapons
 a - a +0 war axe (weapon)
Armour
 b - a +0 scale mail (worn)
 c - a +0 shield (worn)
 o - a +0 helmet (worn)
 C - a +0 pair of gloves (worn)
Jewellery
 h - an amulet of guardian spirit (around neck)
 z - a cursed ring of poison resistance (left hand)
 D - a ring of protection from cold (right hand)
Wands
 y - a wand of flame (13)
Scrolls
 d - 3 scrolls of magic mapping {unknown}
 e - 4 scrolls of fear {unknown}
 g - 2 scrolls of immolation {unknown}
 j - 5 scrolls of teleportation {unknown}
 k - 6 scrolls of remove curse
 m - 8 scrolls of identify {unknown}
 p - 2 scrolls of random uselessness {unknown}
 q - a scroll of enchant weapon {unknown}
 s - a scroll of amnesia {unknown}
 x - a scroll of fog {unknown}
 B - a scroll of torment {unknown}
Potions
 i - a potion of resistance {unknown}
 l - a potion of ambrosia {unknown}
 n - a potion of lignification {unknown}
 r - 4 potions of haste {unknown}
 t - a potion of agility {unknown}
 u - a potion of degeneration {unknown}
 v - a potion of curing {unknown}
 w - a potion of cancellation
 A - a potion of magic {unknown}
Comestibles
 f - 8 rations


   Skills:
 + Level 4.8 Fighting
 + Level 6.6 Axes
 + Level 4.9 Armour
 + Level 2.2 Dodging
 + Level 0.4 Stealth
 + Level 4.7 Shields


You had 7 spell levels left.
You didn't know any spells.
Your spell library contained the following spells:

 Spells                   Type           Power        Failure   Level  Hunger
 Animate Skeleton         Necr           N/A          97%         1    ##.....
 Apportation              Tloc           #.....       97%         1    ##.....
 Confusing Touch          Hex            #.....       97%         1    ##.....
 Summon Small Mammal      Summ           #...         97%         1    ##.....


Dungeon Overview and Level Annotations

Branches:
Dungeon (7/15)             Temple (1/1) D:5

Altars:
Ashenzari
Cheibriados
Dithmenos
Gozag
Hepliaklqana
Makhleb
Nemelex Xobeh
Okawaru
Ru
Trog
Uskayaw
Vehumet
Xom

Shops:
D:4 (*%[

Annotations:
D:4 2 runed translucent doors, EWolf's ghost, amateur GrEE
D:7 Duvessa


Innate Abilities, Weirdness & Mutations

You have claws for feet.
Your movements are slightly less encumbered by armour. (ER -2)


Message History

You hit Duvessa.
Duvessa is severely wounded.
You block Duvessa's attack. Duvessa hits you with a +0 rapier!
* * * LOW HITPOINT WARNING * * *
You hit Duvessa but do no damage.
Duvessa is severely wounded.
Duvessa hits you but does no damage. Duvessa hits you with a +0 rapier.
* * * LOW HITPOINT WARNING * * *
Unknown command.
You barely miss Duvessa. You claw Duvessa.
Duvessa is almost dead.
You block Duvessa's attack.
You hit Duvessa. Your kick misses Duvessa.
Duvessa is almost dead.
You block Duvessa's attack. Duvessa hits you with a +0 rapier.
* * * LOW HITPOINT WARNING * * *
You hit Duvessa. Your kick misses Duvessa.
Duvessa is almost dead.
Duvessa barely misses you. Duvessa hits you with a +0 rapier!
You die...

..........#
#..........#
#..........#
#..........#
#..........#
%.........#
#.......#
#...)...#
####@##.# #e##.#
...#.# #####
....#.###...##
.....#...'....#
####+######....#
####+## #....#
#.....# ####.#
#.....########'##


You could see Duvessa (berserk).

Vanquished Creatures
  2 ice beasts (D:7)
  An ogre (D:6)
  2 centaurs (D:6)
  A bullfrog (D:5)
  2 scorpions
  Dowan (D:7)
  2 howler monkeys
  A centaur zombie (D:6)
  3 crimson imps
  2 bullfrog zombies (D:4)
  2 hounds (D:4)
  2 orc priests
  2 orc wizards
  A bullfrog skeleton (D:6)
  4 worker ants
  2 worker ant zombies (D:4)
  Robin (D:2)
  9 adders
  2 oozes
  An adder zombie (D:4)
  An adder skeleton (D:4)
  4 worms
  A dart slug (D:1)
  3 leopard geckos
  7 orcs
  8 bats
  5 giant cockroaches
  7 hobgoblins
  10 jackals
  10 kobolds
  A quokka (D:6)
  3 frilled lizards
  A giant cockroach zombie (D:6)
  14 goblins
  A jackal zombie (D:4)
  A leopard gecko skeleton (D:7)
  2 leopard gecko zombies (D:4)
  A quokka skeleton (D:7)
  2 quokka zombies
  7 rats
132 creatures vanquished.

Notes
Turn   | Place    | Note
-------+----------+-------------------------------------------
     0 | D:1      | galech the Demonspawn Fighter began the quest for the Orb.
     0 | D:1      | Reached XP level 1. HP: 18/18 MP: 1/1
   120 | D:1      | Gained mutation: You have sharp toenails. [demonic
                  | ancestry]
   120 | D:1      | Reached XP level 2. HP: 15/24 MP: 2/2
   722 | D:1      | Reached skill level 2 in Axes
  1059 | D:2      | Gained mutation: You have razor-sharp toenails. [demonic
                  | ancestry]
  1059 | D:2      | Reached XP level 3. HP: 29/29 MP: 3/3
  1104 | D:2      | Noticed Robin
  1117 | D:2      | Killed Robin
  1976 | D:2      | Found a hazy altar of Hepliaklqana.
  1978 | D:2      | Found a hazy altar of Hepliaklqana.
  1978 | D:2      | Found a shattered altar of Ashenzari.
  1979 | D:2      | Noticed a scorpion
  1980 | D:2      | Found a bloodstained altar of Trog.
  1980 | D:2      | Found a shimmering altar of Xom.
  1980 | D:2      | Found a shimmering altar of Xom.
  1992 | D:2      | Killed a scorpion
  1992 | D:2      | Reached XP level 4. HP: 33/35 MP: 4/4
  2103 | D:2      | Reached skill level 3 in Axes
  2113 | D:3      | You fall into a shaft and drop 1 floor!
  2113 | D:4      | Found Puig's Antique Weapon Shoppe.
  2123 | D:4      | Gained mutation: You have claws for feet. [demonic
                  | ancestry]
  2123 | D:4      | Reached XP level 5. HP: 23/42 MP: 5/5
  2260 | D:4      | Found a large runed translucent door.
  2260 | D:4      | Found a large runed translucent door.
  2359 | D:4      | Found Yzeofyil's General Store.
  2395 | D:4      | Found Xismill's Food Shop.
  2432 | D:4      | Found Vuocaik's Antique Armour Shop.
  2514 | D:4      | Gained mutation: Your movements are slightly less
                  | encumbered by armour. (ER -2) [demonic ancestry]
  2514 | D:4      | Reached XP level 6. HP: 47/48 MP: 6/6
  2847 | D:4      | Noticed EWolf's ghost (amateur GrEE)
  2882 | D:3      | Reached skill level 1 in Dodging
  3138 | D:3      | You fall into a shaft and drop 2 floors!
  3138 | D:5      | Entered Level 5 of the Dungeon
  3144 | D:5      | Reached skill level 4 in Axes
  3176 | D:5      | Found a staircase to the Ecumenical Temple.
  3203 | Temple   | Entered the Ecumenical Temple
  3240 | Temple   | Became a worshipper of Warmaster Okawaru
  3539 | D:4      | Reached XP level 7. HP: 35/54 MP: 5/7
  3990 | D:5      | Found a burning altar of Makhleb.
  4074 | D:5      | Found a snail-covered altar of Cheibriados.
  4087 | D:5      | Reached skill level 5 in Axes
  4249 | D:5      | Reached * piety under Okawaru
  4919 | D:6      | Reached XP level 8. HP: 58/61 MP: 6/8
  4921 | D:6      | Reached skill level 6 in Axes
  5075 | D:6      | Found a bloodstained altar of Trog.
  5800 | D:7      | Noticed Duvessa
  5800 | D:7      | Noticed Dowan
  5814 | D:7      | Killed Dowan
  5830 | D:7      | Slain by Duvessa

Levels and vault maps discovered:
D:1:      nicolae_arrival_washed_ashore, layout_basic
D:2:      cheibrodos_helix_gallery, layout_basic, first_ration,
          doesnt_xom_only_xom, uniq_robin
D:3:      layout_basic
D:4:      layout_basic, serial_shops, shop, kennysheep_mini_moat, shop,
          shop_fountains, serial_undead, serial_undead_a, serial_undead_e,
          serial_undead_c, serial_undead_c, serial_undead_a,
          ebering_ghost_disaster_area, kennysheep_generic_room_15
D:5:      layout_gridville, nicolae_overflow_crystal_walls,
          makhleb_grotto_becter, minmay_temple_entry_water_ring
D:6:      layout_rooms, nicolae_overflow_hidden_temple, hangedman_decor_opposing
D:7:      layout_basic, serial_shops, shop, hangedman_decor_diamond_cutter,
          minmay_manual_mess, uniq_harold, uniq_duvessa
Temple:   regret_index_temple_sphere_string

Skill      XL: |  1  2  3  4  5  6  7  8 |
---------------+-------------------------+-----
Shields        | 3 4 |  4.7
Axes           | 2 3 4 5 6 |  6.6
Armour         | 3 4 |  4.9
Fighting       | 4 |  4.8
Dodging        | 1 2 |  2.2
Stealth        | |  0.4

Action                   |  1- 3 |  4- 6 |  7- 9 || total
-------------------------+-------+-------+-------++-------
Melee: War axe           |    96 |   114 |   181 ||   391
       Kick              |    18 |    31 |    50 ||    99
  Use: Scroll            |     2 |       |       ||     2
       Potion            |     3 |       |       ||     3
  Eat: Chunk             |     3 |     6 |     6 ||    15
Armor: Scale mail        |    62 |    53 |    93 ||   208
Dodge: Dodged            |    29 |    42 |    83 ||   154
Block: Shield            |    71 |    62 |   124 ||   257

Table legend:
 A = Non-vault XP
 B = Vault XP
 C = Vault XP percentage of total XP
 D = Non-vault monster count
 E = Vault monster count
 F = Vault count percentage of total count
                 A         B        C        D         E       F
            +---------+---------+-------+---------+---------+-------
      Total |    1567 |     505 |  24.4 |     102 |      30 |  22.7
            +---------+---------+-------+---------+---------+-------
        D:1 |      28 |       0 |   0.0 |      17 |       0 |   0.0
        D:2 |     118 |      39 |  24.8 |      18 |      15 |  45.5
        D:3 |     170 |       0 |   0.0 |      23 |       0 |   0.0
        D:4 |     207 |     133 |  39.1 |       8 |       9 |  52.9
        D:5 |     302 |      46 |  13.2 |      13 |       1 |   7.1
        D:6 |     546 |       0 |   0.0 |      17 |       0 |   0.0
        D:7 |     196 |     287 |  59.4 |       6 |       5 |  45.5
            +---------+---------+-------+---------+---------+-------
